 Dungeon Crawl Stone Soup version 0.28-a0-622-gbaef9634d7 (webtiles) character file.

Game seed: 4916792392166693401

210 Irenicus the Digger (level 5, -8/42 HPs)
             Began as a Deep Dwarf Earth Elementalist on Oct 7, 2021.
             Shot with an arrow by a centaur (9 damage)
             ... on level 4 of the Dungeon.
             The game lasted 00:14:30 (2119 turns).

Irenicus the Digger (Deep Dwarf Earth Elementalist) Turns: 2119, Time: 00:14:30

Health: -8/42      AC:  5    Str: 11    XL:     5   Next: 56%
Magic:  18/18 (9)  EV: 11    Int: 23    God:
Gold:   272        SH:  0    Dex: 13    Spells: 3/9 levels left

rFire   . . .      SeeInvis .   h - staff of cold {!a}
rCold   + . .      Faith    .   (no shield)
rNeg    . . .      Spirit   .   a - +0 leather armour
rPois   .          Reflect  .   (no helmet)
rElec   .          Harm     .   (no cloak)
rCorr   .          Rampage  .   g - +1 pair of gloves
Will    .....      Clarity  +   (no boots)
Stlth   ++........              (no amulet)
HPRegen 0.00/turn               I - +6 ring of intelligence
MPRegen 0.16/turn               M - ring of magical power

@: no status effects
A: damage resistance, heal wounds, sense surroundings 1, no regeneration, talons
1, clarity
a: Heal Wounds


You were on level 4 of the Dungeon.
You visited 1 branch of the dungeon, and saw 4 of its levels.

You collected 272 gold pieces.


Innate Abilities, Weirdness & Mutations

You are resistant to damage.
You can heal yourself by infusing magical energy.
You passively map a small area around you.
You do not regenerate.
You have sharp toenails.
You possess an exceptional clarity of mind.


   Skills:
 - Level 2.1 Dodging
 - Level 2.4 Stealth
 + Level 2.9 Spellcasting
 - Level 0.8 Transmutations
 + Level 7.5 Earth Magic


You had 3 spell levels left.
You knew the following spells:

 Your Spells              Type           Power      Damage    Failure   Level
t - Stone Arrow           Conj/Erth      40%        3d9       10%         3
w - Passwall              Tmut/Erth      18%        N/A       4%          2
z - Sandblast             Erth           76%        2d16      1%          1

Your spell library contained the following spells:

 Spells                   Type           Power      Damage    Failure   Level
 Petrify                  Tmut/Erth      22%        N/A       26%         4

Inventory:

Hand Weapons
 f - a +0 spear
 o - a +4 dagger
Missiles
 c - 63 stones
Armour
 a - a +0 leather armour (worn)
 e - a +0 kite shield
 g - a +1 pair of gloves (worn)
Magical Staves
 h - a staff of cold (weapon) {!a}
Jewellery
 I - a +6 ring of intelligence (left hand)
 M - a ring of magical power (right hand)
Wands
 j - a wand of acid (9)
Scrolls
 b - a scroll of fog {unknown}
 i - a scroll of noise {unknown}
 k - 5 scrolls of teleportation {@r2}
 n - 3 scrolls of identify {@r1}
Potions
 d - a potion of haste {@q3}
 m - 2 potions of curing {@q1}
 p - a potion of might {unknown}
 q - a potion of attraction {unknown}

Dungeon Overview and Level Annotations

Branches:
Dungeon (4/15)
 Temple: D:4-7

Altars:

Annotations:
D:4 2 runed translucent doors, whitenoisemaker's ghost, amateur HuFE

,, , ▓. ...▓▓ ▓..!... , *
▓.▓.▓c.▓* ▓...... * <....
,.▓...... , ▓..▓ ,,........
▓ , ▓▓.▓* *........ ..
▓▓..▓ *▓▓......
▓..▓▓▓▓▓▓▓S.▓▓ *▓≈P..... *
, ▓........▓.▓▓
▓▓▓▓▓P.P≈P... ▓.........@▓
▓..P≈P≈P≈PP..
▓........▓▓▓▓▓▓.PP≈♣♣≈P≈≈..
▓...............P≈♣ ♣♣♣≈≈P.
▓........▓▓▓▓...P≈♣♣ ♣♣≈P.
▓........▓ ▓...P≈P♣♣♣♣≈P..
▓▓▓▓▓▓▓▓▓▓ ▓....≈≈≈♣P≈≈≈..
▓.....≈≈≈≈PPP..
▓.....≈P.P.....
▓....)P........


You could see a centaur and a ball python.


Message History

Confirm with . or Enter, or press ? or * to list all spells.
Aiming: Sandblast (safe; 1% risk of failure)
Press: ? - help, Shift-Dir - straight line, f/p - hobgoblin
Aim: a hobgoblin (82% to hit)
The blast of sand hits the hobgoblin!!
You kill the hobgoblin!
k - 5 scrolls of teleportation {@r2} (gained 1)
Found a stone staircase leading down.
Found a club.
You see here a +0 club.
A centaur comes into view.
A ball python comes into view.
Found a stone staircase leading up.
The ball python hisses angrily.
The centaur shouts!
The centaur wields a +0 shortbow.
The centaur shoots an arrow.
The arrow closely misses you.
The centaur shoots an arrow.
The arrow hits you.
Okay, then.
As you read the scroll labelled CYGADUEGIOG, it crumbles to dust.
It is a scroll of amnesia.
Really abort (and waste the scroll)?
Okay, then.
The centaur shoots an arrow.
The arrow hits you but does no damage.
The centaur shoots an arrow.
The arrow hits you.
* * * LOW HITPOINT WARNING * * *
The centaur shoots an arrow.
The arrow barely misses you.
The centaur shoots an arrow.
The arrow hits you!
* * * LOW HITPOINT WARNING * * *
The centaur shoots an arrow.
The arrow hits you!
You die...

Skill      XL: |  1  2  3  4 |
---------------+-------------+-----
Earth Magic    | 5 6 7 |  7.5
Spellcasting   | 2 |  2.9
Dodging        | |  2.1
Stealth        | |  2.4
Transmutations | |  0.8

Action                   |  1- 3 |  4- 6 || total
-------------------------+-------+-------++-------
Melee: Unarmed           |     1 |       ||     1
       Staff             |    19 |    11 ||    30
       Kick              |       |     2 ||     2
 Cast: Sandblast         |    36 |    55 ||    91
       Passwall          |     6 |    10 ||    16
       Stone Arrow       |       |     2 ||     2
 Abil: Heal Wounds       |     1 |       ||     1
Evoke: Wand              |       |     1 ||     1
  Use: Potion            |     3 |       ||     3
       Scroll            |       |     7 ||     7
 Stab: Sleeping          |     1 |       ||     1
Armor: Robe              |     6 |       ||     6
       Skin              |     3 |       ||     3
       Leather armour    |       |     9 ||     9
Dodge: Dodged            |    16 |    21 ||    37

Levels and vault maps discovered:
D:1:      amcnicky_arrival_single_pillar, layout_loops_corners,
          supply_closet_lemuel, minmay_octomino_j4
D:2:      minmay_wonky_spiral, layout_loops_ring, kennysheep_cross_room,
          hex_tiny, item_on_display_a, uniq_terence
D:3:      layout_loops_cross, hellmonk_ecumenical_altar_lost_god, minmay_puff
D:4:      layout_rooms, ebering_ghost_disaster_area, serial_bayou_pond_c

Notes
Turn   | Place    | Note
-------+----------+-------------------------------------------
     0 | D:1      | Irenicus the Deep Dwarf Earth Elementalist began the quest
                  | for the Orb.
     0 | D:1      | Reached XP level 1. HP: 15/15 MP: 3/3
   481 | D:1      | Reached XP level 2. HP: 11/22 MP: 1/4
   494 | D:1      | Reached skill level 5 in Earth Magic
   577 | D:1      | Learned a level 2 spell: Passwall
   743 | D:2      | Reached XP level 3. HP: 9/28 MP: 1/5
   782 | D:2      | Gained mutation: You have sharp toenails. [potion of
                  | mutation]
   782 | D:2      | Gained mutation: You possess an exceptional clarity of
                  | mind. [potion of mutation]
   787 | D:2      | Reached skill level 6 in Earth Magic
   951 | D:2      | Noticed Terence
   954 | D:2      | Killed Terence
   982 | D:2      | Reached XP level 4. HP: 25/36 MP: 0/6
   993 | D:2      | Learned a level 3 spell: Stone Arrow
  1375 | D:3      | Reached skill level 2 in Spellcasting
  1486 | D:3      | Reached skill level 7 in Earth Magic
  1486 | D:3      | Reached XP level 5. HP: 23/42 MP: 2/8
  1922 | D:3      | You fall into a shaft and drop 1 floor!
  1922 | D:4      | Found a large runed translucent door.
  1922 | D:4      | Found a large runed translucent door.
  1932 | D:4      | Noticed whitenoisemaker's ghost (amateur HuFE)
  2112 | D:4      | Noticed a centaur
  2118 | D:4      | HP: 1/42 [centaur/arrow (7)]
  2119 | D:4      | Shot with an arrow by a centaur

Vanquished Creatures
  An orc priest (D:3)
  An orc wizard (D:3)
  Terence (D:2)
  4 adders
  A gnoll (D:2)
  2 worms
  3 dart slugs
  5 orcs
  5 ball pythons
  An endoplasm (D:1)
  12 hobgoblins
  6 jackals
  2 quokkas
  4 bats
  A frilled lizard (D:3)
  6 goblins
  11 kobolds
  4 rats
70 creatures vanquished.

Table legend: (Time is in decaauts)
 A = Elapsed time spent in this place.
 B = Non-inter-level travel time spent in this place.
 C = Inter-level travel time spent in this place.
 D = Time resting spent in this place.
 E = Time spent auto-exploring this place.
 F = Levels seen in this place.
 G = Mean time per level.
                   A        B        C        D        E       F      G
               +--------+--------+--------+--------+--------+-----+--------+
         Total |   2108 |   1979 |    129 |     54 |      0 |   4 |  527.0 |
       Dungeon |   2108 |   1979 |    129 |     54 |      0 |   4 |  527.0 |
               +--------+--------+--------+--------+--------+-----+--------+

Top non-repeatable levels by time:
     D:2: 775 daAuts
     D:1: 641 daAuts
     D:3: 494 daAuts
     D:4: 196 daAuts

Table legend:
 A = Non-vault XP
 B = Vault XP
 C = Vault XP percentage of total XP
 D = Non-vault monster count
 E = Vault monster count
 F = Vault count percentage of total count
                 A         B        C        D         E       F
            +---------+---------+-------+---------+---------+-------
      Total |     231 |      69 |  23.0 |      57 |      13 |  18.6
            +---------+---------+-------+---------+---------+-------
        D:1 |      13 |      11 |  45.8 |       8 |       5 |  38.5
        D:2 |      48 |      47 |  49.5 |      21 |       3 |  12.5
        D:3 |     143 |      11 |   7.1 |      21 |       5 |  19.2
        D:4 |      27 |       0 |   0.0 |       7 |       0 |   0.0
            +---------+---------+-------+---------+---------+-------
